[Event "*** Titled Tuesday Blitz"]
[Site "Chess.com"]
[Date "2020.04.28"]
[Round "4"]
[White "SHIVACalypso"]
[Black "arctic_t00"]
[Result "0-1"]
[WhiteElo "2280"]
[BlackElo "2469"]
[TimeControl "180+1"]
[EndTime "10:40:30 PDT"]
[Termination "arctic_t00 won by resignation"]

1. Nf3 Nf6 2. c4 g6 3. g3 Bg7 4. Bg2 O-O 5. O-O d6 6. Nc3 e5 7. d3 Nc6 8. Rb1 a5 9. a3 h6 10. b4 axb4 11. axb4 Be6 12. b5 Ne7 13. Bb2 Qd7 14. Re1 Bh3 15. Bh1 Ng4 16. Nd2 f5 17. Bxb7 Ra7 18. Bf3 Kh7 19. Ra1 Rxa1 20. Qxa1 c6 21.
bxc6 Nxc6 22. Qa4 e4 23. dxe4 f4 24. Rb1 Bd4 25. Nd1 Bc5 26. Nb3 Qc7 27. Nxc5 dxc5 28.
Nc3 fxg3 29. hxg3 Nd4 30. Nd5 Qf7 31. Bxd4 cxd4 32. Qc6 Ne5 33. Qb7 Bd7 34. Ra1 d3 35.
Ra7 dxe2 36. Nf6+ Qxf6 37. Qxd7+ Nxd7 38. Rxd7+ Kh8 0-1

[Event "*** Titled Tuesday Blitz"]
[Site "Chess.com"]
[Date "2020.04.28"]
[Round "4"]
[White "Ashedu66"]
[Black "Casablanca"]
[Result "0-1"]
[WhiteElo "2107"]
[BlackElo "2402"]
[TimeControl "180+1"]
[EndTime "10:40:32 PDT"]
[Termination "Casablanca won by resignation"]

1. d4 Nf6 2. c4 c5 3. e3 cxd4 4.
exd4 e6 5. Nf3 b6 6. a3 Bb7 7. Nc3 d5 8. cxd5 Nxd5 9. Bb5+ Bc6 10. Bd3 Nd7 11. O-O Be7 12. Ne5 Nxe5 13. dxe5 Nxc3 14. bxc3 Qd5 15. f3 Qxe5 16. Qc2 Bc5+ 17. Kh1 Bd6 18.
g3 Qh5 19. Kg2 O-O 20. Bb2 Rac8 21. Rae1 Rfd8 22. c4 Bb7 23. Qe2 Bc5 24. Rd1 h6 25. Bb1 Rxd1 26. Rxd1 Bc6 27. Qd3 f5 28. Qe2 Re8 29.
Be5 g5 30. Qd3 g4 31. h4 Bxf3+ 32. Kh2 Bxd1 33. Qxd1 Qf7 34. Qd2 Kh7 35. Qf4 Qg6 36. Bc2 Rd8 37. Bc3 Bd6 38. Qd4 Bxg3+ 39. Kxg3 Rxd4 40.
Bxd4 f4+ 0-1

[Event "*** Titled Tuesday Blitz"]
[Site "Chess.com"]
[Date "2020.04.28"]
[Round "4"]
[White "grandemestregringo"]
[Black "Kezin_Roman"]
[Result "0-1"]
[WhiteElo "2432"]
[BlackElo "2695"]
[TimeControl "180+1"]
[EndTime "10:40:33 PDT"]
[Termination "Kezin_Roman won by resignation"]

1. d4 d5 2. c4 e6 3. Nf3 Nf6 4. g3 Be7 5. Bg2 O-O 6. O-O dxc4 7. Qc2 b5 8. a4 b4 9. Ne5 Qxd4 10. Bxa8 Qxe5 11. Qxc4 Ba6 12. Bf4 Qxb2 13. Qxc7 Qxa1 14.
Qxe7 Bxe2 15. Re1 Qxa4 16. Bd6 Nbd7 17. Bxb4 Rxa8 18. Nc3 Qb3 19. Nxe2 Nd5 20. Qxd7 Qxb4 21. Rc1 h6 22. Kf1 a5 23. Rc8+ Rxc8 24. Qxc8+ Qf8 25.
Qa6 Qd8 26. Nd4 Nb4 27. Qc4 Qd5 28. Qc8+ Kh7 29. Qc3 Qh1+ 30. Ke2 Qe4+ 31. Kf1 Nd5 32. Qc5 a4 33. f3 Qd3+ 34. Kf2 a3 35. Ne2 a2 36.
Qa5 Qb1 0-1

[Event "*** Titled Tuesday Blitz"]
[Site "Chess.com"]
[Date "2020.04.28"]
[Round "4"]
[White "Kopytkin"]
[Black "IwkooO"]
[Result "0-1"]
[WhiteElo "2383"]
[BlackElo "2582"]
[TimeControl "180+1"]
[EndTime "10:40:33 PDT"]
[Termination "IwkooO won on time"]

1. d4 Nf6 2. Bf4 g6 3. Nf3 Bg7 4. e3 O-O 5. Nbd2 d6 6. Bc4 b6 7.
Qe2 Bb7 8. O-O Nbd7 9. Rfd1 a6 10. a4 Qe8 11. e4 e5 12. dxe5 dxe5 13. Bg5 h6 14.
Bh4 Nh5 15. Nf1 Nc5 16. N3d2 Nxa4 17. Ra2 Nc5 18. f3 Nf4 19. Qe1 b5 20. Bb3 Nfe6 21.
Ne3 Nd4 22. Nd5 Bxd5 23. Bxd5 c6 24. Bb3 Ncxb3 25. Nxb3 Nxc2 26. Qd2 Nd4 27. Nc5 g5 28. Bf2 Qe7 29. b4 a5 30. Rda1 a4 31. Rd1 Rfd8 32. Qe1 Ne6 33. Rad2 Rxd2 34. Qxd2 Rd8 0-1

[Event "*** Titled Tuesday Blitz"]
[Site "Chess.com"]
[Date "2020.04.28"]
[Round "4"]
[White "CarlosRBorn"]
[Black "abubakrtagelsir"]
[Result "1-0"]
[WhiteElo "2679"]
[BlackElo "2355"]
[TimeControl "180+1"]
[EndTime "10:40:33 PDT"]
[Termination "CarlosRBorn won by resignation"]

1. Nf3 Nf6 2. g3 g6 3. Bg2 Bg7 4. O-O O-O 5. c4 d6 6. Nc3 a6 7. Rb1 e5 8. d3 Nc6 9. b4 Bg4 10. a4 a5 11. bxa5 Nxa5 12. Bd2 Nd7 13. Ng5 h6 14.
Nf3 f5 15. h3 Bxf3 16. Bxf3 Nc5 17. Bg2 c6 18. Qc2 Ne6 19. e3 Qe7 20. Ne2 c5 21. Nc3 Nc6 22. Nd5 Qf7 23. f4 exf4 24. gxf4 Kh8 25.
Rb6 g5 26. Rfb1 gxf4 27. exf4 Ned4 28. Qd1 Ra7 29. Kh2 Rg8 30. a5 Bf8 31. Qf1 Qg7 32. Qf2 Nd8 33. Bc3 Be7 34. Nxe7 Qxe7 35. Bxd4+ cxd4 36. Qxd4+ Qg7 37. Qxg7+ Kxg7 38. Rxd6 Rxa5 39. Bd5 Ra2+ 40. Kh1 Rh8 41. Rg1+ Kf8 42. Rxd8+ Ke7 43. Rxh8 Kd6 44. Rxh6+ Kc5 45. Rf6 1-0

[Event "*** Titled Tuesday Blitz"]
[Site "Chess.com"]
[Date "2020.04.28"]
[Round "4"]
[White "AniJak"]
[Black "MFBerna"]
[Result "0-1"]
[WhiteElo "2248"]
[BlackElo "2445"]
[TimeControl "180+1"]
[EndTime "10:40:33 PDT"]
[Termination "MFBerna won by checkmate"]

1. e4 c6 2. d4 d5 3. exd5 cxd5 4. c3 Nf6 5. Bd3 g6 6. Ne2 Bg7 7. O-O Nc6 8. Bg5 O-O 9. Qd2 Bf5 10. Bxf5 gxf5 11.
Bh6 Ne4 12. Qe3 Bxh6 13. Qxh6 Qd6 14. Qxd6 Nxd6 15. Nf4 e6 16. Nd2 b5 17. Rfc1 Rfc8 18.
h3 b4 19. c4 Nxd4 20. cxd5 e5 21. Rxc8+ Rxc8 22. Nh5 Rc2 23. Nb3 Ne2+ 24. Kf1 Ne4 25. Re1 Nf4 26. Nxf4 exf4 27. Nd4 Rxf2+ 28. Kg1 Rxb2 29. Nxf5 Nf6 30. d6 Rd2 31. Rc1 h5 32.
Rc7 Rxa2 33. d7 Nxd7 34. Rxd7 b3 35. Rb7 b2 36. Kh2 f3 37. Ne3 fxg2 38. Nxg2 a5 39.
Kg3 a4 40. Nf4 a3 41. Nd3 Ra1 42. Nxb2 Rb1 43. Rb8+ Kg7 44. Kh4 Rxb2 45. Ra8 a2 46. Kxh5 Kf6 47. Kg4 Ke5 48. h4 f5+ 49. Kg5 f4 50. Re8+ Kd4 51. Ra8 f3 52. h5 f2 53.
h6 f1=Q 54. h7 Rg2+ 55. Kh6 Qh1# 0-1

[Event "*** Titled Tuesday Blitz"]
[Site "Chess.com"]
[Date "2020.04.28"]
[Round "4"]
[White "Mykola-Bortnyk"]
[Black "KrolPawel92OnTwitch"]
[Result "0-1"]
[WhiteElo "2928"]
[BlackElo "2658"]
[TimeControl "180+1"]
[EndTime "10:40:34 PDT"]
[Termination "KrolPawel92OnTwitch won on time"]

1. e4 c5 2. c3 Nf6 3. e5 Nd5 4. Bc4 e6 5. Nf3 Nb6 6. Bb3 d5 7. exd6 Bxd6 8. O-O Nc6 9. d4 cxd4 10. Nxd4 O-O 11. Be3 Nd5 12. Bxd5 exd5 13. Nd2 Re8 14. Qc2 Ne5 15. h3 Bd7 16. Rfe1 Qf6 17. Rad1 a6 18.
a4 Rac8 19. a5 h5 20. N2f3 Nc4 21. Bg5 Qg6 22. Qxg6 fxg6 23. b4 Nb2 24. Rxe8+ Bxe8 25. Rd2 Na4 26. Ne2 Bf7 27. Rd3 Nb2 28. Rd4 Rc4 29. Rxc4 dxc4 30. Bf4 Be7 31. Ne5 g5 32. Be3 Bd5 33.
Ng3 h4 34. Nf5 Bf6 35. Bd4 Nd3 36. Nxd3 cxd3 37. Kf1 d2 38. Ke2 Bxg2 39. Kxd2 Bxh3 40. Nd6 Bg2 41. f4 Bxd4 42. cxd4 h3 0-1

[Event "*** Titled Tuesday Blitz"]
[Site "Chess.com"]
[Date "2020.04.28"]
[Round "4"]
[White "SirStrateg"]
[Black "2nd_life"]
[Result "1-0"]
[WhiteElo "2596"]
[BlackElo "2401"]
[TimeControl "180+1"]
[EndTime "10:40:34 PDT"]
[Termination "SirStrateg won on time"]

1. d4 Nf6 2. Nf3 e6 3. Bf4 b6 4.
a4 Bb7 5. e3 a6 6. Nbd2 c5 7. Nc4 Bxf3 8. Qxf3 d5 9. Nd2 Bd6 10. c3 Bxf4 11. Qxf4 Nc6 12. Bd3 O-O 13. O-O Qb8 14. Qg5 h6 15. Qh4 e5 16. dxe5 Nxe5 17. Be2 Rd8 18. Rfd1 b5 19. axb5 axb5 20. Rxa8 Qxa8 21.
Bxb5 Rb8 22. c4 dxc4 23. Nxc4 Ng6 24. Qg3 Rxb5 25. Qc7 Qe4 26. Nd6 Qc2 27. Qxf7+ Kh7 28. Rf1 Qxb2 29. Nxb5 Qxb5 30. Rc1 Ne5 31. Qa2 Nd3 32. Qc2 Kh8 33. Rb1 Nb4 34. Qf5 Qd3 35. Qc8+ Kh7 36. Rc1 Qd2 37. Qxc5 Nd3 38. Qf5+ Kg8 39.
Rf1 Qe2 40. h3 h5 41. Rb1 Qc2 42. Rb8+ Kf7 43. Rb7+ Kg8 44. Rb8+ Kf7 45. Rc8 Qb1+ 46. Kh2 Qd1 47. Rd8 1-0

[Event "*** Titled Tuesday Blitz"]
[Site "Chess.com"]
[Date "2020.04.28"]
[Round "4"]
[White "Bubar"]
[Black "Duong57"]
[Result "1/2-1/2"]
[WhiteElo "2327"]
[BlackElo "2194"]
[TimeControl "180+1"]
[EndTime "10:40:34 PDT"]
[Termination "Game drawn by repetition"]

1. d4 d5 2. Nf3 Nf6 3. c4 c6 4. Nc3 e6 5. Bg5 Be7 6. e3 Nbd7 7. Qc2 h6 8. Bxf6 Nxf6 9. O-O-O dxc4 10. Bxc4 b5 11.
Bd3 Bd7 12. h4 a5 13. Ne4 Nxe4 14. Bxe4 Rc8 15. Ne5 Qb6 16. Nd3 c5 17. dxc5 Bxc5 18. Kb1 O-O 19. Qe2 Rfd8 20. Rc1 Be7 21. g3 Bf6 22.
Rxc8 Rxc8 23. Rc1 b4 24. Rxc8+ Bxc8 25. Qc2 Ba6 26. Nc5 Bb5 27. Bd3 Bxd3 28. Nxd3 Qb7 29. Nc1 g6 30. h5 Kg7 31. hxg6 fxg6 32. Nb3 a4 33. Nc1 a3 34. bxa3 bxa3+ 35. Nb3 h5 36. e4 Bb2 37. f4 Qb5 38. Nc1 Bc3+ 39. Qb3 Qc5 40. Ne2 Bb2 41. Qd3 Qb4 42. Kc2 Qc5+ 43.
Kb3 Kh6 44. Qc4 Qb6+ 45. Kc2 Qe3 46. Qd3 Qc5+ 47. Kb3 Qb6+ 48. Kc2 Qc5+ 49. Kb3 Qb6+ 50. Kc2 Qc5+ 1/2-1/2

[Event "*** Titled Tuesday Blitz"]
[Site "Chess.com"]
[Date "2020.04.28"]
[Round "4"]
[White "LiemLe"]
[Black "ElGasanov"]
[Result "1-0"]
[WhiteElo "3002"]
[BlackElo "2726"]
[TimeControl "180+1"]
[EndTime "10:40:35 PDT"]
[Termination "LiemLe won by resignation"]

1. d4 d5 2. c4 e6 3. Nf3 c6 4.
g3 Nf6 5. Bg2 b6 6. O-O Bb7 7.
Nc3 Be7 8. Nd2 O-O 9. e4 Na6 10. Re1 Rc8 11. e5 Nd7 12. a3 Nc7 13. cxd5 Nxd5 14.
h4 Nxc3 15. bxc3 Qc7 16. Ne4 c5 17. Qg4 Kh8 18. Bg5 Bxe4 19. Bxe7 Bf5 20. Qe2 Rfe8 21. Bd6 Qd8 22. g4 cxd4 23. gxf5 dxc3 24. Qh5 g6 25. fxg6 fxg6 26. Qh6 Rc4 27. Re4 Qc8 28. Rc1 Rxe4 29. Bxe4 Qc4 30. Qe3 Rc8 31. Bb4 Nc5 32. Rxc3 Qa2 33.
Bxc5 bxc5 34. Qf3 Kg8 35. Qg3 Rf8 36. Bxg6 Kh8 37. h5 hxg6 38. hxg6 Kg8 39. Qh4 Qa1+ 40. Kg2 Rxf2+ 41. Qxf2 1-0

[Event "*** Titled Tuesday Blitz"]
[Site "Chess.com"]
[Date "2020.04.28"]
[Round "4"]
[White "Konek-Gorbunok"]
[Black "Munkhzul_Turmunkh"]
[Result "0-1"]
[WhiteElo "2320"]
[BlackElo "2508"]
[TimeControl "180+1"]
[EndTime "10:40:35 PDT"]
[Termination "Munkhzul_Turmunkh won by resignation"]

1. d4 Nf6 2. Nf3 e6 3. g3 d5 4. Bg2 Be7 5. O-O O-O 6. c4 dxc4 7. Ne5 Nc6 8. Bxc6 bxc6 9. Nxc6 Qe8 10. Nxe7+ Qxe7 11. Qa4 e5 12. dxe5 Qxe5 13. Qxc4 Be6 14. Qf4 Qxe2 15. Nc3 Qh5 16. h4 Rad8 17. Qg5 Qf3 18.
Qf4 Qc6 19. Be3 Bh3 20. f3 Bxf1 21. Rxf1 Nd5 22. Nxd5 Qxd5 23. Qxc7 Rd7 24. Qc5 Qe6 25. b3 Re8 26. Bf2 Qf6 27. Kg2 h6 28. Re1 Red8 29. Qe5 Qg6 30. Qe4 Qa6 31. Re2 Qb5 32.
Rc2 a6 33. Qe2 Qb7 34. Qe4 Qxe4 35. fxe4 Rd2 36. Rxd2 Rxd2 37. a3 Rd3 38. b4 Rxa3 39. Bc5 f6 0-1

[Event "*** Titled Tuesday Blitz"]
[Site "Chess.com"]
[Date "2020.04.28"]
[Round "4"]
[White "AleksanderHnydiuk"]
[Black "1f3_2g41-0"]
[Result "1-0"]
[WhiteElo "2575"]
[BlackElo "2215"]
[TimeControl "180+1"]
[EndTime "10:40:36 PDT"]
[Termination "AleksanderHnydiuk won on time"]

1. d4 Nf6 2. c4 g6 3. g3 e6 4. Bg2 d5 5. Nf3 Bg7 6. O-O O-O 7. Qc2 Nc6 8. Rd1 a5 9. Bf4 Nb4 10. Qc1 dxc4 11. Qxc4 Nfd5 12. Bg5 f6 13. Bd2 b5 14. Qc1 Bb7 15. a3 Nc6 16. e4 Nb6 17. Bh6 Bxh6 18. Qxh6 Rf7 19. Nc3 b4 20. axb4 axb4 21.
Ne2 Rxa1 22. Rxa1 Qd6 23. Qe3 Nc4 24. Qb3 N6a5 25. Qc2 b3 26. Qc3 Qb6 27. Nd2 Nxd2 28. Qxd2 Nc4 29. Qc3 Nd6 30. e5 fxe5 31. Bxb7 Nxb7 32.
Ra8+ Kg7 33. Qe3 Qd6 34. Qxb3 exd4 35. Qxb7 d3 36. Nc3 d2 37. Ra1 Qd4 38. Qg2 c5 39.
Rd1 Rd7 40. Qf1 Qb4 41. Qe2 Qxb2 42. Ne4 1-0

[Event "*** Titled Tuesday Blitz"]
[Site "Chess.com"]
[Date "2020.04.28"]
[Round "4"]
[White "Camels1981"]
[Black "Mourinho_Jose"]
[Result "1-0"]
[WhiteElo "2218"]
[BlackElo "2556"]
[TimeControl "180+1"]
[EndTime "10:40:36 PDT"]
[Termination "Camels1981 won by checkmate"]

1. e4 c6 2. d4 d5 3. exd5 cxd5 4. c4 Nf6 5. Nc3 g6 6. Qb3 Bg7 7. cxd5 O-O 8. Be2 a6 9. Bf3 Nbd7 10. Nge2 Nb6 11. Nf4 Bg4 12. Bxg4 Nxg4 13. O-O Bxd4 14. h3 Nf6 15. Rd1 Be5 16. a4 Rb8 17. a5 Nbd7 18. Nd3 Bd6 19. Bh6 Re8 20. Rac1 Qxa5 21. Qc4 Ne5 22.
Qh4 Nxd3 23. Rxd3 Qb4 24. Rd4 Qxb2 25. Nd1 Qa3 26. Rc3 Qa1 27. Rf3 Be5 28. Rdd3 Rbd8 29. Qc4 Nxd5 30. g3 Nf6 31. Kg2 Rxd3 32. Rxd3 Qa5 33.
Ne3 Qc7 34. Qb3 Qc6+ 35. Kg1 Ne4 36. Nd5 Nc5 37. Nxe7+ Rxe7 38. Rd8+ Re8 39. Qd5 Qb5 40. Qxe5 Qb1+ 41. Kh2 f6 42. Qxe8# 1-0

[Event "*** Titled Tuesday Blitz"]
[Site "Chess.com"]
[Date "2020.04.28"]
[Round "4"]
[White "Orest_Vovk"]
[Black "Vice64"]
[Result "1-0"]
[WhiteElo "2427"]
[BlackElo "2603"]
[TimeControl "180+1"]
[EndTime "10:40:36 PDT"]
[Termination "Orest_Vovk won by checkmate"]

1. g4 d5 2. Bg2 Bxg4 3. c4 Be6 4. Qb3 Nf6 5. Qxb7 Nbd7 6. cxd5 Rb8 7. dxe6 Rxb7 8.
exd7+ Qxd7 9. Bxb7 c6 10. Ba6 Qd5 11. Nf3 g5 12. Nc3 Qa5 13. Bc4 g4 14. b4 Qf5 15.
Nd4 Qd7 16. Nb3 e5 17. b5 Kd8 18. Na5 cxb5 19. Bxb5 Qc7 20. Nc6+ Kc8 21. Rb1 Kd7 22.
d3 Ke6 23. e4 Bc5 24. Bg5 a5 25. Bxf6 Bxf2+ 26. Kxf2 Qb6+ 27. Ke2 Qc5 28. Bxe5 f5 29. Bc4+ Kd7 30. Rb7+ Kxc6 31. Rc7+ Kb6 32. Rxc5 Kxc5 33.
exf5 Re8 34. Be6 Kb4 35. Nd5+ Ka3 36. Rg1 g3 37. Rxg3 a4 38. Rg8 Rxg8 39. Bxg8 h5 40. f6 Kxa2 41. f7 a3 42. f8=Q Kb1 43. Qb4+ Kc2 44.
Ne3+ Kc1 45. Ba2 h4 46. Qe1# 1-0

[Event "*** Titled Tuesday Blitz"]
[Site "Chess.com"]
[Date "2020.04.28"]
[Round "4"]
[White "ama18"]
[Black "momojunkai"]
[Result "1-0"]
[WhiteElo "2469"]
[BlackElo "2259"]
[TimeControl "180+1"]
[EndTime "10:40:36 PDT"]
[Termination "ama18 won by resignation"]

1. e4 c5 2. Nf3 e6 3. d4 cxd4 4. Nxd4 a6 5. c4 Qc7 6. Nc3 Nf6 7. Be2 Be7 8. O-O d6 9. Be3 b6 10. Qd2 Bb7 11. f3 Nbd7 12. Rfc1 O-O 13. a4 Rac8 14. a5 Rfe8 15. Nb3 Nc5 16. Nd4 Ncd7 17. axb6 Nxb6 18. b4 Qb8 19. Na4 Nxa4 20. Rxa4 d5 21. exd5 Bd6 22. h3 exd5 23. c5 Bh2+ 24. Kf1 Rxe3 25. Qxe3 Bf4 26.
Qc3 Bxc1 27. Qxc1 Qe5 28. Qd2 Nh5 29. Bxa6 Bxa6+ 30. Rxa6 Ng3+ 31. Kf2 Nh1+ 32. Kg1 Ng3 33. Ra2 Re8 34. Qf2 Nh5 35. Re2 Qb8 36. Rxe8+ Qxe8 37. c6 Nf4 38. b5 Nd3 39. Qd2 Nc5 40. b6 Ne6 41. c7 Nxd4 42. Qxd4 Qc8 43. Qxd5 1-0

[Event "*** Titled Tuesday Blitz"]
[Site "Chess.com"]
[Date "2020.04.28"]
[Round "4"]
[White "jucAxx"]
[Black "LimeInTheCoconut"]
[Result "1-0"]
[WhiteElo "2121"]
[BlackElo "2385"]
[TimeControl "180+1"]
[EndTime "10:40:36 PDT"]
[Termination "jucAxx won on time"]

1. e4 c6 2. d4 d5 3. f3 Qb6 4.
Nc3 dxe4 5. fxe4 e5 6. Nf3 exd4 7. Nxd4 Nf6 8. e5 Ng4 9. Be2 Nxe5 10. O-O Be7 11. a3 O-O 12. Na4 Qc7 13. Bf4 Nbd7 14.
Nf5 Bf6 15. Be3 b5 16. Nc3 Bb7 17. Ne4 Bd8 18. Qe1 c5 19. Ned6 a6 20. Qg3 Ng6 21. Nxb7 Qxb7 22. Bf3 Qa7 23. Bxa8 Qxa8 24. Qd6 Qc8 25.
Rad1 Nge5 26. Bf4 Bc7 27. Qd2 Re8 28. Nd6 Bxd6 29. Qxd6 f6 30. Bxe5 Nxe5 31. h3 Kh8 32. Rd5 c4 33. Rc5 Qa8 34. Rc7 Rd8 35. Qe7 Rg8 36. Rxf6 Qf8 37. Rxf8 1-0

[Event "*** Titled Tuesday Blitz"]
[Site "Chess.com"]
[Date "2020.04.28"]
[Round "4"]
[White "GMaka"]
[Black "willyam13"]
[Result "1-0"]
[WhiteElo "2335"]
[BlackElo "2490"]
[TimeControl "180+1"]
[EndTime "10:40:37 PDT"]
[Termination "GMaka won by resignation"]

1. d4 Nf6 2. Bf4 d5 3. e3 c5 4. c3 Nc6 5. Nd2 e6 6. Ngf3 cxd4 7. exd4 Nh5 8. Bg3 Nxg3 9. hxg3 Bd6 10. Bd3 g6 11. Qe2 a6 12. O-O-O b5 13. Ne5 Nxe5 14.
dxe5 Be7 15. f4 Bd7 16. Kb1 Qb6 17. Nf3 a5 18. g4 b4 19. c4 Bc6 20. f5 O-O-O 21. f6 Bf8 22. cxd5 Bxd5 23. Ng5 Rd7 24. Be4 h6 25. Bxd5 exd5 26. e6 fxe6 27. Nxe6 Kb7 28. Rc1 Bd6 29. Rhf1 Rf7 30. Qd3 Ka7 31.
Qxg6 Qb7 32. Nc5 Bxc5 33. Rxc5 Kb6 34. Rfc1 Rd8 35. Rc6+ Ka7 36. Qxf7 Rd7 37. Qxd7 1-0

[Event "*** Titled Tuesday Blitz"]
[Site "Chess.com"]
[Date "2020.04.28"]
[Round "4"]
[White "VincentKeymer"]
[Black "TerorPtica"]
[Result "1/2-1/2"]
[WhiteElo "2731"]
[BlackElo "2954"]
[TimeControl "180+1"]
[EndTime "10:40:38 PDT"]
[Termination "Game drawn by repetition"]

1. Nf3 Nf6 2. c4 e6 3. Nc3 d5 4.
e3 a6 5. b3 g6 6. Bb2 Bg7 7.
d4 O-O 8. Qc2 c5 9. dxc5 Qa5 10.
Nd2 Qxc5 11. cxd5 exd5 12. Bd3 Nc6 13. O-O d4 14. Na4 Qxc2 15. Bxc2 dxe3 16. fxe3 Nd5 17.
Bxg7 Kxg7 18. Nc4 b5 19. Nab6 Nxb6 20. Nxb6 Rb8 21. Nxc8 Rbxc8 22. Be4 Ne5 23. Rac1 a5 24. Bd5 f6 25. e4 Nd3 26. Rcd1 Nb4 27. Rd2 Rfd8 28.
Rfd1 Rc3 29. h3 h5 30. Rd4 Nc2 31. R4d2 Nb4 32. Rd4 Nc2 33. R4d2 Ne3 34. Re1 Nxd5 35. exd5 Rd7 36. Re6 Rc5 37. Ra6 b4 38. d6 Kf7 39.
Kf2 Ke6 40. Re2+ Kf7 41. Rd2 Ke6 42. Re2+ Kf7 43. Rd2 1/2-1/2

[Event "*** Titled Tuesday Blitz"]
[Site "Chess.com"]
[Date "2020.04.28"]
[Round "4"]
[White "LucaBrasi1968"]
[Black "Berardino"]
[Result "0-1"]
[WhiteElo "2474"]
[BlackElo "2672"]
[TimeControl "180+1"]
[EndTime "10:40:38 PDT"]
[Termination "Berardino won by resignation"]

1. d4 d5 2. c4 e6 3. Nc3 Be7 4. cxd5 exd5 5. Nf3 Nf6 6. Bf4 O-O 7. e3 c5 8. dxc5 Bxc5 9. Be2 Nc6 10. O-O Bg4 11.
h3 Bh5 12. Rc1 Bb6 13. Na4 Ne4 14. Nxb6 axb6 15. a3 Re8 16. Nd4 Bxe2 17. Nxe2 Qf6 18. Nd4 Nxd4 19. Qxd4 Qxd4 20. exd4 Rac8 21. Rfe1 g5 22.
Bc7 b5 23. f3 Nd2 24. Rxe8+ Rxe8 25. Be5 Nc4 26. Bf6 h6 27. b3 Nxa3 28. Rc5 Re6 29.
Be5 f6 30. Bg3 Re3 31. Rxd5 Rxb3 32. Rd7 b6 33. Rb7 Nc4 34. Bc7 Rb1+ 35. Kh2 b4 36. Bxb6 b3 37. Bc5 b2 38. d5 Rd1 39. d6 b1=Q 0-1

[Event "*** Titled Tuesday Blitz"]
[Site "Chess.com"]
[Date "2020.04.28"]
[Round "4"]
[White "Omk124"]
[Black "Paladin61"]
[Result "0-1"]
[WhiteElo "2350"]
[BlackElo "2582"]
[TimeControl "180+1"]
[EndTime "10:40:38 PDT"]
[Termination "Paladin61 won by checkmate"]

1. e4 c5 2. Nf3 d6 3. d4 cxd4 4. Nxd4 Nf6 5. Nc3 a6 6. g3 e5 7. Nde2 Be7 8. a4 Nc6 9. Bg2 Nb4 10. h3 Be6 11. g4 d5 12. g5 Nxe4 13. Nxe4 dxe4 14.
Qxd8+ Rxd8 15. Bxe4 Bd5 16. Bxd5 Nxc2+ 17. Kf1 Rxd5 18.
Rb1 Rd1+ 19. Kg2 Rxh1 20. Kxh1 Kd7 21. Bd2 Rc8 22. Rd1 Ke6 23. Bc3 Bxg5 24. Kg2 b5 25. axb5 axb5 26. Bd2 Rd8 27. f4 Ne3+ 28. Bxe3 Rxd1 29.
fxg5 Rb1 30. Kf3 Rxb2 31. h4 b4 32. h5 f6 33. gxf6 gxf6 34. Ng3 f5 35. Ne2 b3 36.
h6 Rxe2 37. Kxe2 b2 38. Bd2 b1=Q 39. Kf2 Qe4 40. Be3 f4 41. Bd2 Kf5 42. Kf1 Kg4 43.
Kf2 Qf3+ 44. Kg1 e4 45. Be1 e3 46. Kh2 Qe2+ 47. Bf2 exf2 48. Kh1 f1=Q# 0-1

[Event "*** Titled Tuesday Blitz"]
[Site "Chess.com"]
[Date "2020.04.28"]
[Round "4"]
[White "BelaKis"]
[Black "mamey78"]
[Result "0-1"]
[WhiteElo "2046"]
[BlackElo "2393"]
[TimeControl "180+1"]
[EndTime "10:40:38 PDT"]
[Termination "mamey78 won on time"]

1. Nf3 d5 2. g3 g6 3. Bg2 Bg7 4. O-O e5 5. d3 Ne7 6. a3 O-O 7. Nbd2 Nbc6 8. c4 h6 9. cxd5 Nxd5 10. Qc2 Bg4 11. h3 Be6 12. Ne4 Kh7 13. Bd2 f5 14. Nc5 Bc8 15. e4 Nde7 16. b4 b6 17. Nb3 Ba6 18.
Ne1 f4 19. Rd1 Qd7 20. Bc1 Rad8 21. Bb2 Nd4 22. Nxd4 exd4 23. a4 g5 24. b5 Bb7 25.
Rc1 Rc8 26. Ba3 c5 27. bxc6 Rxc6 28. Qb2 Rfc8 29. Nf3 Ng6 30. Rxc6 Rxc6 31. Rc1 Rc3 32. Bb4 Rxd3 33. Qc2 Bxe4 34. Qc7 Qxc7 35. Rxc7 Bxf3 36. Bxf3 Rxf3 37. Kg2 Rb3 38. Bd6 f3+ 39. Kh2 Rb2 40. Kg1 Rb1+ 41. Kh2 Rf1 42. g4 Rxf2+ 43. Kg3 Rf1 44.
Rxa7 d3 45. Rd7 d2 46. Bf8 d1=Q 47. Rxg7+ Kh8 48. Rxg6 Rg1+ 0-1

[Event "*** Titled Tuesday Blitz"]
[Site "Chess.com"]
[Date "2020.04.28"]
[Round "4"]
[White "ahachess"]
[Black "vaps"]
[Result "1-0"]
[WhiteElo "2379"]
[BlackElo "1965"]
[TimeControl "180+1"]
[EndTime "10:40:38 PDT"]
[Termination "ahachess won on time"]

1. d4 Nf6 2. c4 e6 3. Nf3 b6 4. g3 Ba6 5. b3 Bb4+ 6. Bd2 Be7 7. Bg2 d5 8. cxd5 exd5 9. O-O O-O 10. Ne5 c6 11.
Nc3 Nfd7 12. Bf4 Nxe5 13. Bxe5 Nd7 14. Bf4 Rc8 15. Re1 Nf6 16. Rc1 Ba3 17. Rc2 Bb4 18.
Qc1 Re8 19. Bh3 Ra8 20. a3 Bxc3 21. Rxc3 Rxe2 22. Rxe2 Bxe2 23. Rxc6 Bg4 24. Bg2 Ne4 25. f3 Bd7 26. fxe4 Bxc6 27. Qxc6 dxe4 28. d5 Rc8 29. Qd6 Qxd6 30. Bxd6 Rd8 31. Bf4 Rxd5 32. Bxe4 Rd1+ 33. Kg2 a5 34. a4 Rd4 35. Bc6 Rb4 36. Bd5 Rd4 37.
Bc4 1-0

[Event "*** Titled Tuesday Blitz"]
[Site "Chess.com"]
[Date "2020.04.28"]
[Round "4"]
[White "IMTominho"]
[Black "avantage_ru"]
[Result "1-0"]
[WhiteElo "2813"]
[BlackElo "2625"]
[TimeControl "180+1"]
[EndTime "10:40:39 PDT"]
[Termination "IMTominho won by resignation"]

1. d4 Nf6 2. Bg5 Ne4 3. Bf4 c5 4. f3 Qa5+ 5. c3 Nf6 6. d5 e6 7. e4 exd5 8. exd5 d6 9. Qd2 Be7 10. g4 O-O 11. c4 Qxd2+ 12. Kxd2 b5 13. Nc3 bxc4 14. Re1 Re8 15. Bxc4 Ba6 16. Nb5 Nbd7 17. b3 Nb6 18. Nc7 Bxc4 19. Nxa8 Bxd5 20. Nc7 Kf8 21. Nxe8 Nxe8 22. Re3 Be6 23. Bg3 Nf6 24. Ne2 d5 25. Nf4 Bd7 26. Rhe1 Ng8 27. Nd3 c4 28. Rxe7 Nxe7 29.
Bd6 Nc8 30. Bxe7+ Nxe7 31. Ne5 Be6 32. bxc4 dxc4 33. Rb1 g5 34. Rb8+ Kg7 35. Rb7 Nc8 36. a4 a6 37. Kc3 Kf6 38. Nd7+ Kg7 39. Rc7 Ne7 40. Nb6 Nd5+ 41. Nxd5 Bxd5 42. Rc5 Bxf3 43. Rxg5+ Kh6 44. Rh5+ Kg6 45. h3 f6 46. Kxc4 Bg2 47. Kc5 Bf1 48. a5 h6 49. Kd4 f5 50. Ke3 Bxh3 51.
Rxh3 fxg4 52. Rh1 Kg5 53. Kf2 h5 54. Kg3 1-0

[Event "*** Titled Tuesday Blitz"]
[Site "Chess.com"]
[Date "2020.04.28"]
[Round "4"]
[White "Guachiney"]
[Black "Sadykov_Ramil"]
[Result "1-0"]
[WhiteElo "2833"]
[BlackElo "2528"]
[TimeControl "180+1"]
[EndTime "10:40:39 PDT"]
[Termination "Guachiney won by checkmate"]

1. e4 c5 2. Nf3 Nc6 3. Bb5 g6 4. Bxc6 dxc6 5. d3 Bg7 6. h3 Nf6 7. Nc3 Nd7 8. Be3 e5 9. Qd2 h6 10. O-O b6 11. Nh2 Nf8 12. f4 exf4 13. Bxf4 g5 14.
Bg3 Ng6 15. e5 O-O 16. Rae1 f5 17. exf6 Rxf6 18. Rxf6 Bxf6 19. Ne4 Bg7 20. Nd6 Bd7 21. Ng4 Bxg4 22. Re8+ Qxe8 23. Nxe8 Rxe8 24. hxg4 Be5 25. Bxe5 Rxe5 26. g3 Kf7 27. Qc3 Rd5 28. Qa3 Rd7 29.
Qb3+ Kf6 30. Qg8 Ne5 31. Qf8+ Ke6 32. Qf5+ Kd6 33. Qf6+ Kd5 34. Qxh6 c4 35. Qxg5 cxd3 36. cxd3 Kd4 37. Qf4+ Kd5 38. Qe4+ Kd6 39. d4 Nc4 40. b3 Na5 41. Qe5# 1-0

[Event "*** Titled Tuesday Blitz"]
[Site "Chess.com"]
[Date "2020.04.28"]
[Round "4"]
[White "Feegus"]
[Black "northridgehawk"]
[Result "0-1"]
[WhiteElo "2464"]
[BlackElo "2316"]
[TimeControl "180+1"]
[EndTime "10:40:39 PDT"]
[Termination "northridgehawk won by resignation"]

1. Nf3 Nf6 2. g3 g6 3. Bg2 Bg7 4. O-O O-O 5. c4 d5 6. c5 Nbd7 7. d4 c6 8. Nc3 Re8 9. b4 e5 10. e3 exd4 11. exd4 Ne4 12. Bb2 f5 13. a4 a5 14. b5 Ndxc5 15. Ne2 Ne6 16. Ne5 Bd7 17. Qd3 N6c5 18. Qd1 Ne6 19. bxc6 bxc6 20. Rc1 Ra6 21. Qd3 Rb6 22. Ba3 Nxd4 23. Nxd4 Bxe5 24. Nf3 Bg7 25. Rfd1 Qb8 26. Bc5 Rb3 27. Qa6 Nxc5 28. Rxc5 Qb4 29. Qxa5 Qe4 30. Ng5 Qe2 31. Rf1 Bd4 32. Rcc1 Rb2 33.
Nh3 f4 34. Rce1 f3 35. Rxe2 fxe2 36. Re1 Bxh3 37. Bxh3 Rf8 38. Be6+ Kh8 39. Rxe2 Rxe2 40. Qc7 Bxf2+ 41. Kg2 Bb6+ 0-1